[Event "7th Iberoamerican-ch 2019"]
[Site "Linares"]
[Date "2019.08.14"]
[Round "5.22"]
[White "Almagro Mazariegos, Sebastian"]
[Black "Cori T., Deysi"]
[Result "1-0"]
[ECO "B46"]
[WhiteElo "2268"]
[BlackElo "2400"]
[Annotator "NA"]
[PlyCount "81"]
[EventDate "2019.08.10"]
[EventType "swiss"]
[EventCountry "ESP"]
[SourceTitle "playchess.com"]
[Source "ChessBase"]
[SourceQuality "1"]
[TimeControl "5400+30"]

1. e4 c5 2. Nf3 e6 3. d4 cxd4 4. Nxd4 Nc6 5. Nc3 a6 6. Nxc6 bxc6 7. e5 Qa5 8. f4 Bb7 9. Bd3 f5 10. Bd2 Qc7 11. Qe2 Ne7 12. g4 fxg4 13. Qxg4 c5 14. Rg1 O-O-O 15. Qe2 Nc6 16. O-O-O Nd4 17. Qf1 Qb6 18. Be3 g6 19. Be4 d5 20. exd6 Bxd6 21. Qc4 Kb8 22. Bxb7 Qxb7 23. Kb1 Rhf8 24. Rgf1 Rc8 25. Bxd4 cxd4 26. Qxd4 Bc7 27. Qe3 Qc6 28. a3 Ka8 29. h3 Rb8 30. Rfe1 Rb6 31. Rd4 Rf6 32. Qd3 Rxf4 33. Rxf4 Bxf4 34. Re4 Bc7 35. Rc4 Qb7 36. Na4 Rb5 37. b4 Rf5 38. Qd7 Rf1+ 39. Ka2 Bb8 40. Qxe6 Rf3 41. Nc5 1-0

[Event "7th Iberoamerican-ch 2019"]
[Site "Linares"]
[Date "2019.08.14"]
[Round "5.24"]
[White "Merario Alarcon, Andres"]
[Black "Lacayo, Rene"]
[Result "1-0"]
[ECO "E15"]
[WhiteElo "2392"]
[BlackElo "2274"]
[Annotator "NA"]
[PlyCount "49"]
[EventDate "2019.08.10"]
[EventType "swiss"]
[EventCountry "ESP"]
[SourceTitle "playchess.com"]
[Source "ChessBase"]
[SourceQuality "1"]
[TimeControl "5400+30"]

1. d4 Nf6 2. c4 e6 3. Nf3 b6 4. g3 Ba6 5. Qc2 d5 6. cxd5 exd5 7. Bg2 Bd6 8. Nc3 O-O 9. O-O Nbd7 10. Nh4 c6 11. Nf5 Bc7 12. Bg5 h6 13. Bh4 Re8 14. Rfe1 Bb7 15. e4 Qb8 16. e5 Nh7 17. Ne7+ Kh8 18. Qf5 Rxe7 19. Bxe7 Qe8 20. Bd6 Bd8 21. e6 fxe6 22. Rxe6 Qg8 23. Rae1 Ndf6 24. Qg6 Bc8 25. Re8 1-0

[Event "7th Iberoamerican-ch 2019"]
[Site "Linares"]
[Date "2019.08.14"]
[Round "5.25"]
[White "Rodriguez Perez, Angel Mariano"]
[Black "Teran Alvarez, Ismael"]
[Result "0-1"]
[ECO "B07"]
[WhiteElo "2223"]
[BlackElo "2392"]
[Annotator "NA"]
[PlyCount "118"]
[EventDate "2019.08.10"]
[EventType "swiss"]
[EventCountry "ESP"]
[SourceTitle "playchess.com"]
[Source "ChessBase"]
[SourceQuality "1"]
[TimeControl "5400+30"]

1. e4 d6 2. d4 Nf6 3. Nc3 c6 4. Nf3 Bg4 5. Be2 e6 6. h3 Bh5 7. O-O Be7 8. Nd2 Bxe2 9. Qxe2 d5 10. exd5 cxd5 11. Qb5+ Nc6 12. Nf3 a6 13. Qe2 O-O 14. Nd1 b5 15. Ne3 Qb6 16. Rd1 b4 17. Nf1 Qb5 18. Ng3 Rfc8 19. c3 bxc3 20. Qxb5 axb5 21. bxc3 Ra4 22. Bd2 Bd6 23. Rdb1 Bxg3 24. fxg3 Na7 25. Rb3 Ne4 26. Be1 f6 27. Kf1 h5 28. Ng1 Kf7 29. Ne2 e5 30. Kg1 Rc6 31. Bf2 Nd2 32. Rb2 Nc4 33. Rb3 e4 34. Nf4 Nb6 35. Nxh5 Rac4 36. Be1 g5 37. g4 Na4 38. Ng3 Nxc3 39. Bxc3 Rxc3 40. Rxc3 Rxc3 41. Nf5 b4 42. Rb1 Nc6 43. Rb2 Ke6 44. g3 Rd3 45. h4 Nxd4 46. Nxd4+ Rxd4 47. h5 Rc4 48. h6 Kf7 49. a3 bxa3 50. Rb7+ Kg8 51. Ra7 Rc3 52. Kf2 d4 53. Ke2 Rxg3 54. Ra4 d3+ 55. Kf2 Rf3+ 56. Ke1 Kh7 57. Rxe4 a2 58. Ra4 Rh3 59. Kd2 Rh1 0-1

[Event "7th Iberoamerican-ch 2019"]
[Site "Linares"]
[Date "2019.08.14"]
[Round "5.27"]
[White "Mieles Palau, Daniel"]
[Black "Calzetta Ruiz, Monica"]
[Result "1/2-1/2"]
[ECO "A36"]
[WhiteElo "2384"]
[BlackElo "2257"]
[Annotator "NA"]
[PlyCount "75"]
[EventDate "2019.08.10"]
[EventType "swiss"]
[EventCountry "ESP"]
[SourceTitle "playchess.com"]
[Source "ChessBase"]
[SourceQuality "1"]
[TimeControl "5400+30"]

1. c4 c5 2. Nc3 Nc6 3. g3 Nf6 4. Bg2 e5 5. Nf3 Be7 6. d3 O-O 7. O-O d6 8. a3 h6 9. h3 Be6 10. Rb1 Qd7 11. Kh2 Rae8 12. b4 b6 13. b5 Na5 14. e4 Nh7 15. Bd2 f5 16. exf5 Bxf5 17. Qe2 Bd8 18. Nh4 Bxh4 19. gxh4 Qe7 20. Ne4 Nb7 21. Ng3 Bc8 22. Qh5 Nd8 23. Bd5+ Kh8 24. Ne4 Ne6 25. Rg1 Nf4 26. Bxf4 Rxf4 27. Nxd6 Ref8 28. Nxc8 Rxc8 29. Rbe1 Rxf2+ 30. Rg2 Rxg2+ 31. Kxg2 Rf8 32. Re3 e4 33. Rxe4 Qf6 34. Qe2 Qf5 35. Be6 Qf6 36. Bd5 Qf5 37. Be6 Qf6 38. Bd5 1/2-1/2

[Event "7th Iberoamerican-ch 2019"]
[Site "Linares"]
[Date "2019.08.14"]
[Round "5.29"]
[White "Matnadze, Ana"]
[Black "Jimenez Bernal, Francisco"]
[Result "1/2-1/2"]
[ECO "E06"]
[WhiteElo "2363"]
[BlackElo "2222"]
[Annotator "NA"]
[PlyCount "53"]
[EventDate "2019.08.10"]
[EventType "swiss"]
[EventCountry "ESP"]
[SourceTitle "playchess.com"]
[Source "ChessBase"]
[SourceQuality "1"]
[TimeControl "5400+30"]

1. Nf3 Nf6 2. c4 e6 3. g3 d5 4. d4 Be7 5. Bg2 O-O 6. Nc3 dxc4 7. Ne5 Nc6 8. Nxc6 bxc6 9. Bxc6 Rb8 10. O-O Nd5 11. Qa4 Nb4 12. Bg2 Rb6 13. a3 Ra6 14. Qd1 Nd5 15. e4 Nxc3 16. bxc3 Rb6 17. Qe2 Ba6 18. Rd1 Qb8 19. Qg4 Rd8 20. Bh6 Bf8 21. Bg5 Re8 22. a4 Rb3 23. Bd2 Ra3 24. Rab1 Rb3 25. Ra1 Ra3 26. Rab1 Rb3 27. Ra1 1/2-1/2

[Event "7th Iberoamerican-ch 2019"]
[Site "Linares"]
[Date "2019.08.14"]
[Round "5.30"]
[White "Sos Andreu, Eric"]
[Black "Romero Berruezo, Francisco"]
[Result "1/2-1/2"]
[ECO "E91"]
[WhiteElo "2354"]
[BlackElo "2161"]
[Annotator "NA"]
[PlyCount "69"]
[EventDate "2019.08.10"]
[EventType "swiss"]
[EventCountry "ESP"]
[SourceTitle "playchess.com"]
[Source "ChessBase"]
[SourceQuality "1"]
[TimeControl "5400+30"]

1. d4 Nf6 2. c4 d6 3. Nf3 g6 4. Nc3 Bg7 5. e4 O-O 6. Be2 c5 7. d5 e5 8. O-O Ne8 9. Ne1 f5 10. Nd3 Nf6 11. exf5 gxf5 12. f4 e4 13. Nf2 Re8 14. Be3 Na6 15. a3 Nc7 16. Rc1 Bd7 17. h3 Kh8 18. g4 Ng8 19. g5 Ne7 20. Kh2 b5 21. b4 cxb4 22. axb4 bxc4 23. Bd4 Ng6 24. Bxg7+ Kxg7 25. Qd4+ Kg8 26. Nfd1 a5 27. bxa5 Rxa5 28. Ne3 Nb5 29. Nxb5 Rxb5 30. Nxc4 Rb4 31. Bh5 Bb5 32. Be2 Bxc4 33. Rxc4 Rxc4 34. Qxc4 Qe7 35. Qc6 1/2-1/2

[Event "7th Iberoamerican-ch 2019"]
[Site "Linares"]
[Date "2019.08.14"]
[Round "5.31"]
[White "Gavarrete, Nahun"]
[Black "Gomez Barrera, Javiera Belen"]
[Result "1-0"]
[ECO "A05"]
[WhiteElo "2349"]
[BlackElo "2156"]
[Annotator "NA"]
[PlyCount "109"]
[EventDate "2019.08.10"]
[EventType "swiss"]
[EventCountry "ESP"]
[SourceTitle "playchess.com"]
[Source "ChessBase"]
[SourceQuality "1"]
[TimeControl "5400+30"]

1. Nf3 Nf6 2. c4 g6 3. b3 Bg7 4. Bb2 d6 5. g3 O-O 6. Bg2 e5 7. d3 Re8 8. Nbd2 Nc6 9. O-O Bf5 10. e4 Bg4 11. h3 Bxf3 12. Nxf3 Nd7 13. a3 a5 14. Bc3 Nc5 15. b4 Ne6 16. h4 Qb8 17. b5 Ncd8 18. Rb1 Nc5 19. Re1 Nde6 20. Qd2 a4 21. h5 Nb3 22. Qe3 Qd8 23. hxg6 hxg6 24. Nd2 Nbd4 25. Rb2 Kh7 26. Reb1 Bh6 27. Qe1 Qf6 28. Qd1 Rh8 29. Nf3 Nxf3+ 30. Qxf3 Qe7 31. Qe2 Bg7 32. Bf3 Kg8 33. Kg2 Qg5 34. Qe3 Qf6 35. Rh1 Rxh1 36. Kxh1 Kf8 37. Kg2 Ke7 38. Rb1 b6 39. Rh1 Rh8 40. Rxh8 Bxh8 41. Bd1 Nc5 42. f4 Qe6 43. fxe5 dxe5 44. Bb4 Qd6 45. Bxa4 Bf6 46. Bd1 Qd4 47. Qxd4 exd4 48. Bxc5+ bxc5 49. a4 Kd6 50. a5 c6 51. e5+ Bxe5 52. b6 Kd7 53. a6 Kc8 54. a7 Kb7 55. Bf3 1-0

[Event "7th Iberoamerican-ch 2019"]
[Site "Linares"]
[Date "2019.08.14"]
[Round "5.32"]
[White "Blanco Acevedo, Cristobal Jose"]
[Black "Diaz Mino, Daniel"]
[Result "1/2-1/2"]
[ECO "A57"]
[WhiteElo "2342"]
[BlackElo "1888"]
[Annotator "NA"]
[PlyCount "126"]
[EventDate "2019.08.10"]
[EventType "swiss"]
[EventCountry "ESP"]
[SourceTitle "playchess.com"]
[Source "ChessBase"]
[SourceQuality "1"]
[TimeControl "5400+30"]

1. d4 Nf6 2. c4 c5 3. d5 b5 4. cxb5 a6 5. b6 Qxb6 6. Nc3 g6 7. e4 d6 8. Nf3 Bg7 9. Bc4 O-O 10. O-O Nbd7 11. a4 a5 12. Re1 Ba6 13. Nb5 Ng4 14. Ra3 Nge5 15. Bf1 Rfb8 16. Nd2 Nf6 17. h3 Ne8 18. f4 Nd7 19. Nc4 Qd8 20. e5 dxe5 21. fxe5 Nb6 22. Nxa5 Qxd5 23. Qxd5 Nxd5 24. Nc6 Rc8 25. Bc4 Bb7 26. Nca7 Rd8 27. a5 Nb4 28. Rc3 Nc7 29. Nxc7 Rxa7 30. Bg5 Bc6 31. Bxe7 Rd2 32. Bxc5 Rxg2+ 33. Kf1 Rxc7 34. Bxb4 Rxb2 35. Bd6 Rd7 36. Rb3 Rxb3 37. Bxb3 Bf8 38. Rd1 Bxd6 39. Rxd6 Bb5+ 40. Kf2 Ra7 41. Rf6 Be8 42. a6 Bb5 43. Ke3 Bxa6 44. Bxf7+ Rxf7 45. Rxa6 Re7 46. Ke4 Kf7 47. Rf6+ Kg7 48. Rf3 Rf7 49. Rc3 Ra7 50. Kd5 Kf7 51. Rc6 Ke7 52. Re6+ Kf7 53. Rc6 Ke7 54. Rc5 Rd7+ 55. Ke4 Rd1 56. Rc7+ Rd7 57. Rc6 Rd1 58. Kf4 Rf1+ 59. Kg5 Rf5+ 60. Kg4 Rxe5 61. Rc7+ Kf6 62. Rxh7 Re4+ 63. Kf3 Ra4 {[%emt 0:00:16] Ke4 Ke5+} 1/2-1/2

[Event "7th Iberoamerican-ch 2019"]
[Site "Linares"]
[Date "2019.08.14"]
[Round "5.34"]
[White "Guerrero Vargas, Andres Jesus"]
[Black "Martinez-Conde Hernandez, Carlos"]
[Result "1-0"]
[ECO "B35"]
[WhiteElo "2342"]
[BlackElo "2046"]
[Annotator "NA"]
[PlyCount "69"]
[EventDate "2019.08.10"]
[EventType "swiss"]
[EventCountry "ESP"]
[SourceTitle "playchess.com"]
[Source "ChessBase"]
[SourceQuality "1"]
[TimeControl "5400+30"]

1. e4 c5 2. Nf3 Nc6 3. Nc3 g6 4. d4 cxd4 5. Nxd4 Bg7 6. Be3 Nf6 7. Bc4 O-O 8. Bb3 Re8 9. Qe2 d6 10. f3 e5 11. Nxc6 bxc6 12. O-O-O Qc7 13. Qd2 Rd8 14. Bh6 Be6 15. h4 Nh5 16. Bxg7 Kxg7 17. Ne2 Bxb3 18. axb3 d5 19. exd5 Rxd5 20. Qc3 Rad8 21. Rxd5 Rxd5 22. b4 a5 23. Kb1 axb4 24. Qxb4 Qd6 25. Qc3 f6 26. Nc1 Ng3 27. Rh3 Nh5 28. g4 Nf4 29. Rh1 Rd1 30. Rxd1 Qxd1 31. Qxc6 Ne2 32. Qc7+ Kh6 33. Qe7 Qxc1+ 34. Ka2 Nc3+ 35. Kb3 1-0

[Event "7th Iberoamerican-ch 2019"]
[Site "Linares"]
[Date "2019.08.14"]
[Round "5.35"]
[White "Jesus Reyes, Javier"]
[Black "Esquivias Quintero, Luis Manuel"]
[Result "0-1"]
[ECO "A57"]
[WhiteElo "2021"]
[BlackElo "2282"]
[Annotator "NA"]
[PlyCount "104"]
[EventDate "2019.08.10"]
[EventType "swiss"]
[EventCountry "ESP"]
[SourceTitle "playchess.com"]
[Source "ChessBase"]
[SourceQuality "1"]
[TimeControl "5400+30"]

1. d4 Nf6 2. c4 c5 3. d5 b5 4. Qc2 e6 5. e4 bxc4 6. Nc3 Bb7 7. Bxc4 exd5 8. exd5 d6 9. Bf4 Be7 10. Nge2 Nbd7 11. g4 Nxg4 12. Qf5 Nge5 13. Bb5 O-O 14. O-O-O Bc8 15. Rhg1 Ng6 16. Be3 a6 17. Bc6 Nde5 18. Qe4 Rb8 19. Ba4 Rb4 20. Qc2 Nc4 21. b3 Nxe3 22. fxe3 Bf6 23. Rdf1 Qe7 24. Qd2 Qe5 25. e4 c4 26. a3 Rxb3 27. Bxb3 cxb3 28. Kb2 Bd7 29. Kxb3 Rb8+ 30. Ka2 Bb5 31. Nxb5 Rxb5 32. Rb1 Qxe4 33. Rxb5 axb5 34. Rc1 h6 35. Rc8+ Kh7 36. Nc3 Qg4 37. Rc7 b4 38. Nb5 bxa3 39. Kxa3 Qf3+ 40. Ka4 Be5 41. Ka5 Qf6 42. Qc2 h5 43. h3 Qf3 44. Qc6 h4 45. Kb6 Qxh3 46. Rxf7 Qg3 47. Rf5 Qg4 48. Rf1 h3 49. Nxd6 h2 50. Nf7 Qg1+ 51. Qc5 Bd4 52. Ng5+ Kg8 0-1

[Event "7th Iberoamerican-ch 2019"]
[Site "Linares"]
[Date "2019.08.14"]
[Round "5.36"]
[White "Riquelme Valero, Manuel Damian"]
[Black "Ingunza Curro, Andres"]
[Result "1/2-1/2"]
[ECO "A46"]
[WhiteElo "2157"]
[BlackElo "2103"]
[Annotator "NA"]
[PlyCount "26"]
[EventDate "2019.08.10"]
[EventType "swiss"]
[EventCountry "ESP"]
[SourceTitle "playchess.com"]
[Source "ChessBase"]
[SourceQuality "1"]
[TimeControl "5400+30"]

1. d4 Nf6 2. Nf3 e6 3. e3 b6 4. Bd3 Bb7 5. Nbd2 d5 6. O-O Bd6 7. b3 O-O 8. Bb2 c5 9. c4 Nbd7 10. Ne5 Rc8 11. cxd5 exd5 12. Bf5 g6 13. Bd3 Qe7 1/2-1/2

[Event "7th Iberoamerican-ch 2019"]
[Site "Linares"]
[Date "2019.08.14"]
[Round "5.37"]
[White "Gil Quilez, Sonia"]
[Black "Torres Sanchez, Jose"]
[Result "1-0"]
[ECO "A40"]
[WhiteElo "2102"]
[BlackElo "2304"]
[Annotator "NA"]
[PlyCount "40"]
[EventDate "2019.08.10"]
[EventType "swiss"]
[EventCountry "ESP"]
[SourceTitle "playchess.com"]
[Source "ChessBase"]
[SourceQuality "1"]
[TimeControl "5400+30"]

1. d4 g6 2. c4 Bg7 3. Nf3 Nf6 4. Nc3 O-O 5. e4 c5 6. d5 e6 7. Bd3 d6 8. h3 exd5 9. cxd5 a6 10. a4 Nbd7 11. O-O Qe7 12. Re1 Nh5 13. Bg5 Bf6 14. Be3 Ne5 15. Be2 Kh8 16. Nxe5 Bxe5 17. Bxh5 gxh5 18. Qxh5 Rg8 19. f4 Bxc3 20. bxc3 Qxe4 1-0

[Event "7th Iberoamerican-ch 2019"]
[Site "Linares"]
[Date "2019.08.14"]
[Round "5.38"]
[White "Collado Barbas, Laura"]
[Black "Diaz Mino, Pablo"]
[Result "1-0"]
[ECO "E32"]
[WhiteElo "2070"]
[BlackElo "2239"]
[Annotator "NA"]
[PlyCount "100"]
[EventDate "2019.08.10"]
[EventType "swiss"]
[EventCountry "ESP"]
[SourceTitle "playchess.com"]
[Source "ChessBase"]
[SourceQuality "1"]
[TimeControl "5400+30"]

1. d4 Nf6 2. c4 e6 3. Nc3 Bb4 4. Qc2 b6 5. e4 c5 6. a3 Bxc3+ 7. bxc3 Bb7 8. Bd3 b5 9. Qb1 cxd4 10. cxd4 Nc6 11. cxb5 Nxd4 12. Qb4 e5 13. Nf3 Nxf3+ 14. gxf3 Qe7 15. Be3 d5 16. Bc5 Qe6 17. Rd1 Nd7 18. Bd6 f5 19. exf5 Qh6 20. Rg1 Kf7 21. h4 Rhe8 22. Qg4 Nf6 23. Qg5 Rac8 24. Qxh6 gxh6 25. Bb1 Rc4 26. Ke2 Rxh4 27. Ba2 Rd8 28. Bc7 Rd7 29. Rc1 Ne8 30. Bb8 Ra4 31. Rc3 Kf6 32. Bxe5+ Kxe5 33. Re3+ Kf6 34. Rxe8 Rxa3 35. Bb1 d4 36. Re6+ Kf7 37. Rxh6 Bxf3+ 38. Kd2 Kf8 39. f6 Bd5 40. Bxh7 Rf3 41. Bd3 Rxf2+ 42. Ke1 Rf3 43. Kd2 Rb7 44. Be2 Rf5 45. Bh5 Rxh5 46. Rxh5 Bf3 47. Rh6 Be4 48. Rg4 Bf3 49. Rxd4 Kf7 50. Ke3 Bg2 {[%emt 0:00:12] Ke4} 1-0

[Event "7th Iberoamerican-ch 2019"]
[Site "Linares"]
[Date "2019.08.14"]
[Round "5.39"]
[White "Fernandez Ayuso, Sergio"]
[Black "Garcia Morales, Ivette Ale"]
[Result "1/2-1/2"]
[ECO "A46"]
[WhiteElo "2153"]
[BlackElo "1988"]
[Annotator "NA"]
[PlyCount "227"]
[EventDate "2019.08.10"]
[EventType "swiss"]
[EventCountry "ESP"]
[SourceTitle "playchess.com"]
[Source "ChessBase"]
[SourceQuality "1"]
[TimeControl "5400+30"]

1. d4 e6 2. Nf3 Nf6 3. Bg5 b6 4. Nbd2 Bb7 5. e3 Be7 6. Be2 d6 7. O-O Nbd7 8. c3 h6 9. Bh4 O-O 10. Qc2 Re8 11. Rfd1 Nh5 12. Bxe7 Qxe7 13. Ne1 Nhf6 14. Bf3 Bxf3 15. Nexf3 e5 16. dxe5 Nxe5 17. h3 Nxf3+ 18. Nxf3 Qe4 19. Qb3 Qe6 20. Nd4 Qe4 21. Nf3 Qb7 22. a4 a5 23. Rac1 Re4 24. Rd4 Rae8 25. Rcd1 Qc6 26. Kf1 Kf8 27. Qc2 R8e6 28. Rc1 Nd7 29. b3 Re8 30. Nd2 R4e6 31. Qf5 Rf6 32. Qd3 Nc5 33. Qe2 Rfe6 34. Qc4 Qb7 35. Rf4 d5 36. Qe2 Re5 37. Rb1 Ne6 38. Rh4 Ng5 39. Nf3 Nxf3 40. Qxf3 Qa6+ 41. Qe2 Qxe2+ 42. Kxe2 Re4 43. Rxe4 dxe4 44. Rd1 Ke7 45. Rd4 Kf6 46. Kd2 c5 47. Rd7 Ke6 48. Rb7 Rd8+ 49. Kc2 Rd6 50. f3 exf3 51. gxf3 g5 52. Rb8 f5 53. Rf8 Ke5 54. Rf7 Ke6 55. Rh7 Ke5 56. Rh8 Kd5 57. Kd3 c4+ 58. Kc2 cxb3+ 59. Kxb3 Rc6 60. c4+ Ke5 61. Kc3 Rd6 62. Rh7 Rc6 63. Rh8 Rd6 64. Kc2 Rc6 65. Kd3 Rd6+ 66. Kc3 Rc6 67. Rd8 Rd6 68. Rh8 Rc6 69. Rh7 Rd6 70. Rc7 Rd1 71. Rc6 Rd6 72. f4+ Ke6 73. Rc7 Kf6 74. c5 bxc5 75. Rxc5 Re6 76. fxg5+ hxg5 77. Kd3 Re5 78. Rc6+ Re6 79. Rc4 Rd6+ 80. Ke2 Ke5 81. Kf3 Rd5 82. Rc6 Rd1 83. Ra6 Rd5 84. Rg6 Rd3 85. Ra6 Rd5 86. Ke2 Ke4 87. Re6+ Re5 88. Ra6 f4 89. exf4 gxf4 90. Kf2 Rc5 91. Re6+ Kf5 92. Rb6 Rc2+ 93. Kf3 Rc3+ 94. Kg2 Rg3+ 95. Kh2 Re3 96. Rb5+ Ke4 97. Rxa5 Re2+ 98. Kg1 Kf3 99. h4 Rg2+ 100. Kh1 Rg4 101. Rb5 Rxh4+ 102. Kg1 Rg4+ 103. Kf1 Kg3 104. a5 f3 105. Rb6 Ra4 106. Rg6+ Kf4 107. a6 Ke3 108. Re6+ Kf4 109. Kf2 Ra2+ 110. Kf1 Kg3 111. Rg6+ Kf4 112. Rf6+ Ke3 113. Re6+ Kf4 114. Rf6+ 1/2-1/2

[Event "7th Iberoamerican-ch 2019"]
[Site "Linares"]
[Date "2019.08.15"]
[Round "6.7"]
[White "Salgado Lopez, Ivan"]
[Black "Moreno Ruiz, Javier"]
[Result "1/2-1/2"]
[ECO "D38"]
[WhiteElo "2596"]
[BlackElo "2473"]
[Annotator "ChessBase"]
[PlyCount "47"]
[EventDate "2019.08.10"]
[EventType "swiss"]
[EventCountry "ESP"]
[SourceTitle "playchess.com"]
[Source "ChessBase"]
[SourceQuality "1"]
[TimeControl "5400+30"]

1. d4 Nf6 2. c4 e6 3. Nf3 d5 4. Nc3 Bb4 5. Qa4+ Nc6 6. e3 O-O 7. Qc2 Re8 8. Bd2 e5 9. dxe5 Nxe5 10. cxd5 Nxf3+ 11. gxf3 Bxc3 12. Bxc3 Qxd5 13. Be2 Bf5 14. Qa4 Bg6 15. Rd1 Qg5 16. Kf1 Qf5 17. h4 Bh5 18. Qf4 Qxf4 19. exf4 h6 20. Rg1 Kf8 21. Bb4+ Kg8 22. Bc3 Kf8 23. Bb4+ Kg8 24. Bc3 1/2-1/2

[Event "7th Iberoamerican-ch 2019"]
[Site "Linares"]
[Date "2019.08.15"]
[Round "6.11"]
[White "Plazuelo Pascual, Juan"]
[Black "Salinas Herrera, Pablo"]
[Result "1/2-1/2"]
[ECO "D11"]
[WhiteElo "2411"]
[BlackElo "2506"]
[Annotator "ChessBase"]
[PlyCount "25"]
[EventDate "2019.08.10"]
[EventType "swiss"]
[EventCountry "ESP"]
[SourceTitle "playchess.com"]
[Source "ChessBase"]
[SourceQuality "1"]
[TimeControl "5400+30"]

1. d4 d5 2. c4 c6 3. Nf3 Nf6 4. e3 g6 5. Nc3 Bg7 6. Be2 O-O 7. O-O b6 8. a4 Bb7 9. Qb3 Nbd7 10. cxd5 Nxd5 11. a5 e6 12. a6 Bc8 13. e4 1/2-1/2

[Event "7th Iberoamerican-ch 2019"]
[Site "Linares"]
[Date "2019.08.15"]
[Round "6.32"]
[White "Garcia Martin, Marta"]
[Black "Arroyo Rodriguez, Jesus"]
[Result "1/2-1/2"]
[ECO "B38"]
[WhiteElo "2313"]
[BlackElo "2126"]
[Annotator "ChessBase"]
[PlyCount "145"]
[EventDate "2019.08.10"]
[EventType "swiss"]
[EventCountry "ESP"]
[SourceTitle "playchess.com"]
[Source "ChessBase"]
[SourceQuality "1"]
[TimeControl "5400+30"]

1. e4 c5 2. Nf3 g6 3. d4 cxd4 4. Nxd4 Bg7 5. c4 Nc6 6. Be3 Nf6 7. Nc3 d6 8. Be2 O-O 9. O-O Bd7 10. h3 Nxd4 11. Bxd4 Bc6 12. Qc2 a5 13. Rad1 Nd7 14. Bxg7 Kxg7 15. Bg4 a4 16. Bxd7 Bxd7 17. Rfe1 Qa5 18. Rd5 Qb4 19. Rd4 Rfc8 20. a3 Qc5 21. Qd2 Bc6 22. h4 h5 23. Re3 Rd8 24. e5 Re8 25. e6 Rf8 26. Qd3 f5 27. Nd5 Bxd5 28. Rxd5 Qb6 29. Rb5 Qc7 30. Rg3 Kh7 31. Qd5 b6 32. Qd4 Ra6 33. Qf4 Rf6 34. Kh2 Ra8 35. Qd4 Ra6 36. Qd5 Qc8 37. Re3 f4 38. Re4 Rf5 39. Qd4 Qf8 40. Kg1 f3 41. g3 Ra5 42. Rxb6 Rae5 43. Rb5 Rxb5 44. cxb5 Rxb5 45. Rf4 Rf5 46. Qxa4 Qf6 47. Qe4 Rxf4 48. Qxf4 Qxe6 49. Qxf3 d5 50. Qf4 Kg8 51. b4 Qd7 52. Qd4 Qd6 53. f4 Qc6 54. Qc5 Qd7 55. Qd4 Qc6 56. Qd3 Kf7 57. Kf2 e6 58. Qd2 Qa4 59. Qd3 Qc6 60. b5 Qc5+ 61. Kg2 d4 62. Kf2 Kf6 63. Ke2 Qd5 64. Kf2 Kf7 65. b6 Qa2+ 66. Kf3 Qd5+ 67. Ke2 Qa2+ 68. Kd1 Qa1+ 69. Kc2 Qa2+ 70. Kd1 Qa1+ 71. Kc2 Qa2+ 72. Kd1 Qa1+ 73. Kc2 1/2-1/2

[Event "7th Iberoamerican-ch 2019"]
[Site "Linares"]
[Date "2019.08.15"]
[Round "6.33"]
[White "Moral Garcia, Serafin"]
[Black "Carrasco Sagredo, Manuel"]
[Result "1-0"]
[ECO "B06"]
[WhiteElo "2281"]
[BlackElo "2106"]
[Annotator "NA"]
[PlyCount "57"]
[EventDate "2019.08.10"]
[EventType "swiss"]
[EventCountry "ESP"]
[SourceTitle "playchess.com"]
[Source "ChessBase"]
[SourceQuality "1"]
[TimeControl "5400+30"]

1. e4 g6 2. d4 Bg7 3. Nc3 c6 4. Nf3 d5 5. h3 dxe4 6. Nxe4 Nd7 7. Bc4 Ngf6 8. Nxf6+ Nxf6 9. O-O O-O 10. Re1 Nd5 11. Bb3 Bf5 12. Ne5 f6 13. Nd3 Kh8 14. Nc5 e5 15. Nxb7 Qc7 16. Nc5 Rad8 17. c3 Rfe8 18. Bd2 Bf8 19. Ne4 exd4 20. Bxd5 cxd5 21. Ng3 Bc8 22. cxd4 Bd6 23. Rc1 Rxe1+ 24. Qxe1 Qd7 25. Qe3 f5 26. Qf3 f4 27. Bxf4 Rf8 28. Be5+ Kg8 29. Qxd5+ 1-0

[Event "7th Iberoamerican-ch 2019"]
[Site "Linares"]
[Date "2019.08.15"]
[Round "6.34"]
[White "Luque Saiz, Andres"]
[Black "Forgas Moreno, Yaniela"]
[Result "0-1"]
[ECO "B90"]
[WhiteElo "2106"]
[BlackElo "2276"]
[Annotator "NA"]
[PlyCount "84"]
[EventDate "2019.08.10"]
[EventType "swiss"]
[EventCountry "ESP"]
[SourceTitle "playchess.com"]
[Source "ChessBase"]
[SourceQuality "1"]
[TimeControl "5400+30"]

1. e4 c5 2. Nf3 d6 3. d4 cxd4 4. Nxd4 Nf6 5. Nc3 a6 6. h3 e6 7. g4 h6 8. Bg2 g5 9. O-O Be7 10. a4 Nbd7 11. a5 Ne5 12. Nb3 Bd7 13. Qe2 Rc8 14. Rd1 Qc7 15. Ra2 Nh7 16. f4 gxf4 17. Bxf4 Nf8 18. Bxe5 dxe5 19. Rc1 Ng6 20. Nd1 Bg5 21. Ne3 Rg8 22. c4 h5 23. Rc3 Bc6 24. Nd2 hxg4 25. hxg4 Nf4 26. Qf2 Nxg2 27. Qxg2 Qd8 28. Qe2 Qf6 29. Raa3 Rd8 30. Nef1 Bf4 31. c5 Qh4 32. Rh3 Rxg4+ 33. Kh1 Qg5 34. Nf3 Qg7 35. Rd3 Rc8 36. Rb3 Ke7 37. N1h2 Bxh2 38. Rxh2 Rg8 39. Qd1 Rd8 40. Rd3 Bxe4 41. Rxd8 Bxf3+ 42. Qxf3 Rg1# 0-1

[Event "7th Iberoamerican-ch 2019"]
[Site "Linares"]
[Date "2019.08.15"]
[Round "6.35"]
[White "Lacayo, Rene"]
[Black "Gil Quilez, Sonia"]
[Result "1-0"]
[ECO "A06"]
[WhiteElo "2274"]
[BlackElo "2102"]
[Annotator "ChessBase"]
[PlyCount "93"]
[EventDate "2019.08.10"]
[EventType "swiss"]
[EventCountry "ESP"]
[SourceTitle "playchess.com"]
[Source "ChessBase"]
[SourceQuality "1"]
[TimeControl "5400+30"]

1. Nf3 d5 2. c4 e6 3. e3 Nf6 4. Nc3 Nbd7 5. Qc2 a6 6. b3 Bd6 7. Bb2 c5 8. Be2 b6 9. O-O O-O 10. d4 Bb7 11. Rad1 cxd4 12. Rxd4 Qc7 13. cxd5 Bxd5 14. Rc1 Qb8 15. Nxd5 Nxd5 16. e4 N5f6 17. Rxd6 Qxd6 18. e5 Qe7 19. exf6 Nxf6 20. Ng5 Rfc8 21. Qxc8+ Rxc8 22. Rxc8+ Ne8 23. Bxa6 Qd7 24. Nf3 f6 25. Rc1 Nc7 26. Bf1 e5 27. Bc4+ Kf8 28. a4 g6 29. h3 Ne6 30. Re1 Nf4 31. Bc1 Qf5 32. Bxf4 Qxf4 33. Rd1 Ke7 34. Nh2 h5 35. Nf1 e4 36. Ne3 Qe5 37. Nd5+ Kf8 38. Nxb6 Kg7 39. Nd5 f5 40. a5 f4 41. a6 e3 42. fxe3 fxe3 43. Re1 e2 44. Rxe2 Qd4+ 45. Kh2 h4 46. a7 Qa1 47. Re8 1-0

[Event "7th Iberoamerican-ch 2019"]
[Site "Linares"]
[Date "2019.08.15"]
[Round "6.36"]
[White "Balbuena Fuentes, Mario"]
[Black "Collado Barbas, Laura"]
[Result "1-0"]
[ECO "C06"]
[WhiteElo "2268"]
[BlackElo "2070"]
[Annotator "ChessBase"]
[PlyCount "101"]
[EventDate "2019.08.10"]
[EventType "swiss"]
[EventCountry "ESP"]
[SourceTitle "playchess.com"]
[Source "ChessBase"]
[SourceQuality "1"]
[TimeControl "5400+30"]

1. e4 e6 2. d4 d5 3. Nd2 Nf6 4. e5 Nfd7 5. c3 c5 6. Bd3 Nc6 7. Ne2 cxd4 8. cxd4 f6 9. Nf4 Nxd4 10. Qh5+ Ke7 11. exf6+ Nxf6 12. Ng6+ hxg6 13. Qxh8 Kf7 14. O-O e5 15. Nb3 Nxb3 16. axb3 Bf5 17. Bxf5 gxf5 18. Bg5 Bc5 19. Qh3 g6 20. b4 Bb6 21. Qb3 Qd6 22. Be3 Rd8 23. Rfc1 Kg7 24. Bxb6 axb6 25. Qc3 Rd7 26. Ra8 d4 27. Qc8 Qxb4 28. h3 Kf7 29. Rc7 Qe7 30. Rxd7 Qxd7 31. Qxd7+ Nxd7 32. Ra7 e4 33. Rxb7 Ke6 34. Kf1 Kd6 35. Ke2 f4 36. b3 Kc6 37. Ra7 Ne5 38. Ra8 g5 39. Rd8 Kc5 40. Kd2 e3+ 41. fxe3 fxe3+ 42. Ke2 Nc6 43. Rg8 Kb4 44. Rg6 Na5 45. Kd3 Nxb3 46. Rxb6+ Ka3 47. g3 Ka2 48. Rb5 Nd2 49. h4 gxh4 50. gxh4 Ne4 51. Re5 1-0